 Dungeon Crawl Stone Soup version 0.31-a0-259-g771a54ca4b (webtiles) character file.

Game seed: 2448097927966799223

77 qw the Shooter (level 4, -5/26 HPs)
             Began as a Gargoyle Hexslinger on July 13, 2023.
             Slain by Terence
             ... wielding a +0 short sword
              (6 damage)
             ... on level 2 of the Dungeon.
             The game lasted 00:00:46 (1385 turns).

qw the Shooter (Gargoyle Hexslinger)                Turns: 1385, Time: 00:00:46

Health: -5/26      AC:  9    Str: 11    XL:     4   Next: 34%
Magic:  0/5        EV: 10    Int: 14    God:
Gold:   132        SH:  0    Dex: 14    Spells: 4/5 levels left

rFire   . . .        Y - +1 sling
rCold   . . .        (no shield)
rNeg    + . .        i - +0 ring mail
rPois   inf          (no helmet)
rElec   +            (no cloak)
rCorr   .            g - +0 pair of gloves
SInv    .            (no boots)
Will    .....        d - amulet of guardian spirit
Stlth   +            (no ring)
HPRegen 0.24/turn    (no ring)
MPRegen 0.09/turn

%: guardian spirit
@: no status effects
A: sickness immunity, AC +3, negative energy resistance 1, electricity
resistance, torment resistance 1, petrification resistance
a: no special abilities


You were on level 2 of the Dungeon.
You visited 1 branch of the dungeon, and saw 2 of its levels.

You collected 132 gold pieces.


Innate Abilities, Weirdness & Mutations

You are immune to sickness and miasma.
Your stone body is resilient. (AC +3)
You are immune to poison.
You resist negative energy. (rN+)
You are resistant to electric shocks. (rElec)
You are resistant to unholy torment.
You are immune to petrification.


   Skills:
 - Level 2.0 Fighting
 + Level 4.0 Ranged Weapons
 - Level 1.0 Armour
 - Level 1.5 Dodging
 - Level 1.0 Spellcasting
 - Level 2.6 Hexes


You had 4 spell levels left.
You knew the following spells:

 Your Spells              Type           Power      Damage    Failure   Level
a - Slow                  Hex            32%        N/A       21%         1

Your spell library contained the following spells:

 Spells                   Type           Power      Damage    Failure   Level
 Inner Flame              Hex/Fire       4%         N/A       71%         3
 Portal Projectile        Hex/Tloc       8%         N/A       71%         3
 Cause Fear               Hex            4%         N/A       90%         4

Inventory:

Hand Weapons
 Y - a +1 sling (weapon)
Armour
 g - a +0 pair of gloves (worn)
 i - a +0 ring mail (worn)
Jewellery
 d - an amulet of guardian spirit (around neck)
Scrolls
 b - a scroll of fear {unknown}
 f - a scroll of silence {unknown}
 h - a scroll of noise {unknown}
Potions
 a - 2 potions of haste {unknown}
 c - a potion of experience {unknown}
 e - a potion of curing {unknown}
 j - a potion of attraction {unknown}
 k - a potion of brilliance {unknown}

Dungeon Overview and Level Annotations

Branches:
Dungeon (2/15)

Altars:

Annotations:
D:2 Terence


Message History

Terence hits you but does no damage. Terence hits you with a +0 short sword.
You shoot a sling bullet.
The sling bullet completely misses Terence.
Terence barely misses you.
You shoot a sling bullet.
The sling bullet completely misses Terence.
Terence hits you with a +0 short sword.
You shoot a sling bullet.
The sling bullet hits Terence but does no damage.
Terence is lightly wounded.
Terence barely misses you. Terence hits you with a +0 short sword.
You shoot a sling bullet.
The sling bullet closely misses Terence.
Terence hits you but does no damage.
You shoot a sling bullet. The sling bullet barely misses Terence.
Terence barely misses you.
You shoot a sling bullet. The sling bullet hits Terence.
Terence is lightly wounded.
Terence hits you with a +0 short sword. Terence hits you but does no damage.
You shoot a sling bullet.
The sling bullet hits Terence but does no damage.
Terence is lightly wounded.
Terence hits you with a +0 short sword.
You shoot a sling bullet. The sling bullet hits Terence.
Terence is moderately wounded.
Terence hits you with a +0 short sword.
You shoot a sling bullet.
The sling bullet hits Terence but does no damage.
Terence is moderately wounded.
Terence hits you with a +0 short sword. Terence hits you but does no damage.
You shoot a sling bullet. The sling bullet hits Terence.
Terence is heavily wounded.
Terence barely misses you.
You shoot a sling bullet.
The sling bullet closely misses Terence.
Terence hits you with a +0 short sword.
You shoot a sling bullet.
The sling bullet closely misses Terence.
Terence hits you with a +0 short sword. x2
You die...

...#.........#####[............#.
.###........####.......#.......#.
..........%^.....#.....#.)%....#.
#...........######.#...[)......#.
#..........#####.....##..######[.
..................#####...# #..
#...>.........##.######...# #..
.................|...##...#####..
####.##.#.####..@.##..........#.<
#..#..........@............#..
##.#######.................#.. .#
......................
#######[.......#####.#.
##.#.###.. #... #.... #.. #..#
##..... ####


You could see Terence.

Vanquished Creatures
  3 adders (D:2)
  2 worms (D:2)
  An orc (D:2)
  5 bats
  3 endoplasms
  3 giant cockroaches
  7 goblins
  3 hobgoblins
  A ball python (D:2)
  2 frilled lizards (D:2)
  10 kobolds
  4 rats
44 creatures vanquished.

Notes
Turn   | Place    | Note
-------+----------+-------------------------------------------
     0 | D:1      | qw the Gargoyle Hexslinger began the quest for the Orb.
     0 | D:1      | Reached XP level 1. HP: 12/12 MP: 2/2
     0 | D:1      | 0 ||| qw: Version: 0.3-a-52-g30416fa
     0 | D:1      | 0 ||| qw: Game counter: 6826
     0 | D:1      | 0 ||| qw: Melee chars always use a shield: true
     0 | D:1      | 0 ||| qw: God list: Okawaru
     0 | D:1      | 0 ||| qw: Allow faded altars: false
     0 | D:1      | 0 ||| qw: Do Orc after clearing Dungeon:15 true
     0 | D:1      | 0 ||| qw: Do second Lair branch before Depths: true
     0 | D:1      | 0 ||| qw: Lair rune preference: random
     0 | D:1      | 0 ||| qw: Goals: Normal
     0 | D:1      | 0 ||| PLANNING D:1-11
    79 | D:1      | 79 ||| FLEEEEING.
    80 | D:1      | 80 ||| FLEEEEING.
    81 | D:1      | 81 ||| FLEEEEING.
    82 | D:1      | 82 ||| FLEEEEING.
    83 | D:1      | 83 ||| FLEEEEING.
    84 | D:1      | 84 ||| FLEEEEING.
   177 | D:1      | 177 ||| Stepping ~*~*~tactically~*~*~ (outnumbered).
   196 | D:1      | Reached XP level 2. HP: 16/16 MP: 3/3
   443 | D:1      | Reached skill level 3 in Ranged Weapons
   648 | D:1      | Reached XP level 3. HP: 21/21 MP: 4/4
   816 | D:1      | 816 ||| UPGRADING to +0 pair of gloves.
   821 | D:1      | 821 ||| UPGRADING to +0 ring mail.
   831 | D:1      | 831 ||| DROPPING +0 robe.
   832 | D:1      | 832 ||| UPGRADING to amulet of guardian spirit.
   837 | D:1      | 837 ||| READING scroll labelled JEIBE OHOSEUGAEXUST.
   838 | D:1      | 838 ||| READING scroll labelled NOPPUU TYXAQ.
   839 | D:1      | 839 ||| READING scroll labelled JUHAREL FESOU.
   840 | D:1      | 840 ||| DROPPING scroll of poison.
   913 | D:2      | Reached skill level 1 in Armour
  1082 | D:2      | Reached XP level 4. HP: 24/26 MP: 5/5
  1310 | D:2      | Reached skill level 4 in Ranged Weapons
  1365 | D:2      | Noticed Terence
  1382 | D:2      | HP: 4/26 [Terence/+0 short sword (3)]
  1385 | D:2      | HP: 1/26 [Terence/+0 short sword (2)]
  1385 | D:2      | Slain by Terence

Levels and vault maps discovered:
D:1:      dpeg_arrival_boxorama, layout_basic, serial_forest,
          infiniplex_forest_clump_long, infiniplex_forest_diagonal,
          infiniplex_forest_lined_2, infiniplex_forest_lined_room_2,
          infiniplex_forest_clump_cross, infiniplex_forest_pool,
          infiniplex_forest_split
D:2:      layout_rooms, nicolae_the_louvre, uniq_terence

Skill      XL: |  1  2  3  4 |
---------------+-------------+-----
Ranged Weapons | 3 4 |  4.0
Fighting       | 2 |  2.0
Armour         | 1 |  1.0
Dodging        | |  1.5
Spellcasting   | |  1.0
Hexes          | |  2.6

Action                     |  1- 3 |  4- 6 || total
---------------------------+-------+-------++-------
   Fire: Sling             |   130 |    60 ||   190
    Use: Scroll            |     3 |       ||     3
 Armour: Robe              |    10 |       ||    10
         Ring mail         |    20 |    20 ||    40
  Dodge: Dodged            |    48 |    22 ||    70

Table legend:
 A = Non-vault XP
 B = Vault XP
 C = Vault XP percentage of total XP
 D = Non-vault monster count
 E = Vault monster count
 F = Vault count percentage of total count
                 A         B        C        D         E       F
            +---------+---------+-------+---------+---------+-------
      Total |     111 |       0 |   0.0 |      44 |       0 |   0.0
            +---------+---------+-------+---------+---------+-------
        D:1 |      35 |       0 |   0.0 |      21 |       0 |   0.0
        D:2 |      76 |       0 |   0.0 |      23 |       0 |   0.0
            +---------+---------+-------+---------+---------+-------
